 Dungeon Crawl Stone Soup version 0.28.0-53-g5a82cb258f (webtiles) character file.

Game seed: 3187070980956015611

6015 buhh the Fighter (level 11, -28/81 HPs)
             Began as a Formicid Hunter on June 19, 2022.
             Was a Follower of Hepliaklqana.
             Annihilated by an orc knight
             ... wielding a +0 battleaxe
              (31 damage)
             ... on level 9 of the Dungeon.
             The game lasted 00:28:41 (14169 turns).

buhh the Fighter (Formicid Hunter)                 Turns: 14169, Time: 00:28:41

Health: -28/81     AC:  4    Str: 16    XL:     11   Next: 10%
Magic:  20/20      EV: 15    Int: 12    God:    Hepliaklqana [*.....]
Gold:   51         SH: 10    Dex: 17    Spells: 10/10 levels left

rFire   . . .      SeeInvis +   a - +2 hand crossbow
rCold   . . .      Faith    .   w - +0 kite shield
rNeg    + . .      Spirit   .   r - +0 leather armour
rPois   +          Reflect  .   (helmet unavailable)
rElec   .          Harm     .   (no cloak)
rCorr   +          Rampage  .   (no gloves)
Will    +....                   l - +0 pair of boots
Stlth   ++++......              h - amulet of magic regeneration
HPRegen 0.23/turn               q - ring "Coifimuul" {rPois rN+ rCorr MP+9 Dex+2}
MPRegen 0.57/turn               m - +4 ring of evasion

@: no status effects
A: reduced essence, permanent stasis, dig shafts and tunnels, antennae 3, four
strong arms
a: Dig, Shaft Self, Renounce Religion, Recall Ancestor, Ancestor Identity


You were on level 9 of the Dungeon.
You worshipped Hepliaklqana.
Hepliaklqana was aware of your devotion.
You visited 2 branches of the dungeon, and saw 11 of its levels.
You also visited: Bailey.

You collected 463 gold pieces.
You spent 412 gold pieces at shops.

Inventory:

Hand Weapons
 a - a +2 hand crossbow (weapon)
 b - a +2 dagger of venom
 f - a +0 short sword
Missiles
 d - 19 bolts (quivered ammo)
 n - 5 curare-tipped darts
 s - 20 poisoned darts
 z - a throwing net {!f}
Armour
 l - a +0 pair of boots (worn)
 r - a +0 leather armour (worn)
 w - a +0 kite shield (worn)
 y - a +1 ring mail of cold resistance
Jewellery
 h - an amulet of magic regeneration (around neck)
 j - a ring of wizardry
 m - a +4 ring of evasion (right hand)
 q - the ring "Coifimuul" (left hand) {rPois rN+ rCorr MP+9 Dex+2}
   (You found it on level 4 of the Dungeon)

   [ring of resist corrosion]

   Dex:       It affects your dexterity (+2).
   rPois:     It protects you from poison.
   rN:        It protects you from negative energy.
   MP:        It affects your magic capacity (+9).
   rCorr:     It protects you from acid and corrosion.
Wands
 v - a wand of digging (3)
Scrolls
 c - a scroll of blinking {!d}
 g - a scroll of identify {!d}
 o - 2 scrolls of noise
 t - 2 scrolls of teleportation {!d}
 u - a scroll of vulnerability
 R - 2 scrolls of torment
 Z - 2 scrolls of enchant armour
Potions
 e - a potion of lignification {unknown}
 i - a potion of ambrosia {unknown}
 k - 3 potions of flight
 x - 2 potions of attraction {unknown}
 C - a potion of mutation {unknown}
 K - 2 potions of brilliance {!q!d}
 O - a potion of haste {!q!d}


   Skills:
 + Level 9.7 Fighting
 + Level 9.5 Crossbows
 - Level 2.0 Dodging
 - Level 8.0 Stealth
 * Level 6.4 Shields
 - Level 7.0 Evocations


You had 10 spell levels left.
You didn't know any spells.
Your spell library contained the following spells:

 Spells                   Type           Power      Damage    Failure   Level
 Freeze                   Ice            0%         1d3       65%         1
 Magic Dart               Conj           0%         1d3       65%         1
 Call Imp                 Summ           0%         N/A       78%         2
 Ensorcelled Hibernation  Hex/Ice        0%         N/A       78%         2
 Searing Ray              Conj           0%         2d4       78%         2
 Conjure Flame            Conj/Fire      0%         6-21      95%         3
 Frozen Ramparts          Ice            0%         1d2       95%         3
 Ignite Poison            Fire/Tmut/Pois 0%         N/A       95%         3
 Mephitic Cloud           Conj/Pois/Air  0%         N/A       95%         3
 Portal Projectile        Hex/Tloc       0%         N/A       95%         3
 Spider Form              Tmut/Pois      0%         N/A       95%         3
 Teleport Other           Tloc           0%         N/A       95%         3
 Anguish                  Hex/Necr       0%         N/A       100%        4
 Fulminant Prism          Conj/Hex       0%         3d6       100%        4
 Hailstorm                Conj/Ice       0%         3d3       100%        4
 Sticky Flame             Conj/Fire      0%         2d3       100%        4
 Summon Ice Beast         Ice/Summ       0%         N/A       100%        4
 Agony                    Necr           0%         N/A       100%        5
 Summon Mana Viper        Hex/Summ       0%         N/A       100%        5
 Dispersal                Tloc           0%         N/A       100%        6
 Monstrous Menagerie      Summ           0%         N/A       100%        7


Dungeon Overview and Level Annotations

Branches:
Dungeon (10/15)            Temple (1/1) D:6          Bailey (visited)
   Lair: D:8-11         Orc: D:9-12

Altars:
Ashenzari
Cheibriados
Elyvilon
Fedhas
Hepliaklqana
Makhleb
Nemelex Xobeh
Okawaru
Qazlal
Ru
Sif Muna
Uskayaw
Vehumet
Wu Jian
Xom

Shops:
D:6 *   D:10 !

Annotations:
D:7 Joseph
D:9 exclusion: two-headed ogre


Innate Abilities, Weirdness & Mutations

Your life essence is reduced to manifest your ancestor. (-10% HP)
You cannot be hasted, slowed, berserked, paralysed or teleported.
You can dig through walls and to a lower floor.
You have a pair of large antennae on your head. (SInv)
Your four strong arms can wield two-handed weapons with a shield.


Message History

The orc knight hits you with a +0 battleaxe!!
* * * LOW HITPOINT WARNING * * *
Really quaff
M - 3 potions of heal wounds {!q!d}?
You feel much better.
The orc knight hits you with a +0 battleaxe!!
* * * LOW HITPOINT WARNING * * *
Really quaff
M - 2 potions of heal wounds {!q!d}?
You feel much better.
The orc knight hits you with a +0 battleaxe!
Really quaff
M - a potion of heal wounds {!q!d}?
You feel much better.
The orc knight hits you with a +0 battleaxe!!
* * * LOW HITPOINT WARNING * * *
You are too injured to fight recklessly!
You are too injured to fight recklessly!
Fire: 23 bolts
Press: ? - help, Q - select action, (/) - cycle Shift-Dir - straight line, f/p - orc knight
Aim: an orc knight, wielding a +0 battleaxe and wearing a +0 plate armour (severely wounded, 72% to hit)
You shoot a bolt. The bolt hits the orc knight!
The orc knight is severely wounded.
The orc knight hits you with a +0 battleaxe!
* * * LOW HITPOINT WARNING * * *
Fire: 22 bolts
Press: ? - help, Q - select action, (/) - cycle Shift-Dir - straight line, f/p - orc knight
Aim: an orc knight, wielding a +0 battleaxe and wearing a +0 plate armour (severely wounded, 72% to hit)
You shoot a bolt. The bolt barely misses the orc knight.
You block the orc knight's attack.
Fire: 21 bolts
Press: ? - help, Q - select action, (/) - cycle Shift-Dir - straight line, f/p - orc knight
Aim: an orc knight, wielding a +0 battleaxe and wearing a +0 plate armour (severely wounded, 72% to hit)
You shoot a bolt. The bolt hits the orc knight.
The orc knight is almost dead.
You block the orc knight's attack.
Fire: 20 bolts
Press: ? - help, Q - select action, (/) - cycle Shift-Dir - straight line, f/p - orc knight
Aim: an orc knight, wielding a +0 battleaxe and wearing a +0 plate armour (almost dead, 72% to hit)
You shoot a bolt. The bolt hits the orc knight.
The orc knight is almost dead.
The orc knight hits you with a +0 battleaxe!!
You die...

*,* #....# *,*
#.)).# ****,* #...(#
,,,,,*** #.)..#
****,,,########....#
*,*,.......#....#
*,*******#...(..#
*,* ###....# *,*
##@### *,* #o#
***+** #(## **,,,,*
#((# ,+,,,,*
***##'#** **,,,,*
***,,,....* **,,,,*
**,+,,...<.# *,<,,*
**,,*,....(.#
*,,,,***,,**.......#


You could see an orc knight.

Vanquished Creatures
  A two-headed ogre (D:4)
  A troll (D:6)
  2 wraiths (D:6)
  3 yaks
  3 water moccasins
  5 orc warriors
  A hornet zombie (D:6)
  An ice beast (D:7)
  A necrophage (D:5)
  A black bear (D:6)
  2 ogres
  2 centaurs
  2 kobold brigands (D:6)
  4 scorpions
  5 gnoll sergeants
  4 wights (D:4)
  A bullfrog zombie (D:6)
  A centaur zombie (D:9)
  A jelly (D:6)
  A centaur skeleton (D:6)
  A gnoll shaman (D:7)
  4 hounds
  A bullfrog skeleton (D:6)
  5 orc priests
  Jessica (D:3)
  6 iguanas
  Natasha (thrice) (D:2)
  Terence (D:2)
  4 orc wizards
  A howler monkey zombie (D:6)
  4 adders
  28 gnolls
  2 worms
  32 orcs
  4 bats (D:3)
  10 endoplasms
  3 giant cockroaches (D:1)
  14 goblins
  6 hobgoblins
  2 quokkas
  3 ball pythons
  5 frilled lizards
  18 kobolds
  2 rats
202 creatures vanquished.

Vanquished Creatures (collateral kills)
  A two-headed ogre (D:9)
  An orc warrior (D:7)
  A phantom (D:5)
  2 bullfrogs (D:9)
  An orc priest (D:5)
  An orc (D:9)
7 creatures vanquished.

Vanquished Creatures (others)
  An ancestor (D:9)
  53 fungi
  49 plants
103 creatures vanquished.

Grand Total: 312 creatures vanquished

Notes
Turn   | Place    | Note
-------+----------+-------------------------------------------
     0 | D:1      | buhh the Formicid Hunter began the quest for the Orb.
     0 | D:1      | Reached XP level 1. HP: 16/16 MP: 1/1
    19 | D:1      | Found a faded altar of an unknown god.
    53 | D:1      | Reached XP level 2. HP: 22/22 MP: 2/2
   889 | D:1      | Reached XP level 3. HP: 28/28 MP: 3/3
  1508 | D:2      | Reached XP level 4. HP: 33/34 MP: 4/4
  1608 | D:2      | Noticed Terence
  1618 | D:2      | Killed Terence
  1905 | D:2      | Noticed Natasha
  1915 | D:2      | Killed Natasha
  1916 | D:2      | Reached XP level 5. HP: 33/41 MP: 5/5
  1971 | D:2      | Noticed Natasha
  1975 | D:2      | Killed Natasha
  2257 | D:2      | Noticed Natasha
  2262 | D:2      | Killed Natasha
  2634 | D:3      | Noticed Jessica
  2646 | D:3      | Killed Jessica
  2647 | D:3      | Reached XP level 6. HP: 36/48 MP: 6/6
  3520 | D:4      | Identified the ring "Coifimuul" {rPois rN+ rCorr MP+9
                  | Dex+2}
  3798 | D:4      | Reached XP level 7. HP: 56/56 MP: 7/7
  3801 | D:4      | Noticed a two-headed ogre
  3811 | D:4      | Killed a two-headed ogre
  3812 | D:4      | Reached XP level 8. HP: 49/67 MP: 8/8
  4952 | D:5      | Entered Level 5 of the Dungeon
  6072 | D:5      | Reached XP level 9. HP: 72/72 MP: 9/9
  7456 | D:6      | Noticed a troll
  8069 | D:6      | Killed a troll
  8330 | D:6      | Reached XP level 10. HP: 74/80 MP: 10/10
  8613 | D:6      | Found a radiant altar of Vehumet.
  9175 | D:6      | Found Etyddeif's Assorted Antiques.
  9181 | D:6      | Bought a scroll of identify for 50 gold pieces
  9181 | D:6      | Bought a potion of curing for 75 gold pieces
  9253 | D:6      | Found a staircase to the Ecumenical Temple.
  9348 | Temple   | Entered the Ecumenical Temple
  9607 | Temple   | Became a worshipper of Hepliaklqana the Forgotten
 11458 | D:7      | HP: 1/82 [orc warrior/+0 halberd (8)]
 11827 | D:8      | Got Qod Buhu's Disquisition on Warped Dark Secrets
 12012 | D:7      | Noticed Joseph
 12451 | D:6      | Bought a potion of curing for 75 gold pieces
 12451 | D:6      | Bought a scroll labelled UXILEC PAARGH for 25 gold pieces
 12451 | D:6      | Bought a scroll labelled GAFE YLUNAFUEFAO for 25 gold
                  | pieces
 12451 | D:6      | Bought a sapphire potion for 22 gold pieces
 12951 | D:9      | Noticed a two-headed ogre
 13222 | D:9      | Found a flagged portal.
 13231 | Bailey   | Entered a bailey
 13460 | Bailey   | Noticed an orc knight
 13512 | D:10     | Entered Level 10 of the Dungeon
 13618 | D:10     | Found a blossoming altar of Fedhas.
 13701 | D:10     | Found Roheceah's Distillery.
 13706 | D:10     | Bought 2 potions of heal wounds for 140 gold pieces
 13736 | D:10     | Reached * piety under Hepliaklqana
 13862 | D:10     | Found a sacrificial altar of Ru.
 13902 | D:9      | Noticed a two-headed ogre
 14057 | D:9      | Noticed a two-headed ogre
 14064 | D:9      | Reached XP level 11. HP: 73/80 MP: 11/11
 14068 | D:9      | Killed a two-headed ogre
 14166 | D:9      | HP: 3/81 [orc knight/+0 battleaxe (11)]
 14169 | D:9      | Annihilated by an orc knight

Illustrated notes

Levels and vault maps discovered:
D:1:      amcnicky_arrival_flooded_fountain, layout_basic,
          ebering_ecumenical_altar_sacrificial, minmay_misc_feat_tiny,
          minmay_misc_feat_x
D:2:      layout_basic, serial_corexii_hall, corexii_hall_statues_x,
          corexii_hall_statues_deadend, chequers_hall_statues_wall_a,
          corexii_hall_statues_i, corexii_hall_statues_t,
          chequers_hall_statues_y, uniq_terence, uniq_natasha
D:3:      layout_basic, grunt_ministairs_7, uniq_jessica
D:4:      nicolae_cairo_tiling_large, layout_basic
D:5:      layout_loops_corners
D:6:      hangedman_cross_stitches, layout_basic, nicolae_vehumet_altar_sigil,
          minmay_temple_entry_proselytizer, serial_shops,
          nicolae_shop_overgrown_old_shop
D:7:      layout_basic, uniq_joseph
D:8:      layout_basic, nicolae_gozag_seed_capital, due_lair_maze_entry_diamond
D:9:      layout_roguey, enter_bailey_2
D:10:     layout_loops_ring, fedhas_altar_3, kennysheep_mini_moat, serial_shops,
          shop_fountains
Temple:   mainiacjoe_temple_coin_purse

Skill      XL: |  1  2  3  4  5  6  7  8  9 10 11 |
---------------+----------------------------------+-----
Dodging        | 2 |  2.0
Stealth        | 2 3 4 5 7 8 |  8.0
Fighting       | 3 4 5 7 8 9 |  9.7
Crossbows      | 5 7 8 9 |  9.5
Evocations     | 2 5 7 |  7.0
Shields        | 5 6 |  6.4

Action                   |  1- 3 |  4- 6 |  7- 9 | 10-12 || total
-------------------------+-------+-------+-------+-------++-------
Melee: Dagger            |    68 |    94 |    97 |   159 ||   418
       Short sword       |     8 |       |       |       ||     8
       Punch             |     1 |       |     3 |       ||     4
 Fire: Hand crossbow     |    12 |    22 |   150 |   234 ||   418
Throw: Dart              |       |       |       |     2 ||     2
Evoke: Wand              |       |       |    10 |     2 ||    12
  Use: Scroll            |       |       |     8 |     9 ||    17
       Potion            |       |       |     2 |     6 ||     8
 Stab: Distracted        |     1 |       |       |       ||     1
       Sleeping          |     2 |     7 |     2 |     3 ||    14
       Paralysed         |       |       |     9 |       ||     9
Armor: Leather armour    |    11 |    20 |    29 |    26 ||    86
Dodge: Dodged            |    41 |    55 |   106 |   108 ||   310
Block: Kite shield       |       |       |    15 |   116 ||   131
